 Dungeon Crawl Stone Soup version 0.28-a0-723-g095bd1b44f (webtiles) character file.

Game seed: 5675893770992076414

23 meatgazer the Unweaver (level 2, 0/24 HPs)
             Began as a Demonspawn Abyssal Knight on Oct 25, 2021.
             Was a Follower of Lugonu.
             Succumbed to an adder's poison
             ... on level 1 of the Dungeon.
             The game lasted 00:02:12 (1884 turns).

meatgazer the Unweaver (Demonspawn Abyssal Knight)  Turns: 1884, Time: 00:02:13

Health: 0/24       AC: 10    Str: 13    XL:     2   Next: 72%
Magic:  4/4        EV:  6    Int: 19    God:    Lugonu [*.....]
Gold:   124        SH:  0    Dex: 13    Spells: 1/1 levels left

rFire   + . .      SeeInvis .   h - +4 long sword of Distant Worlds {vorpal, +Blink rCorr}
rCold   + . .      Faith    .   (no shield)
rNeg    . . .      Spirit   .   c - +2 chain mail of Defiance {Int+8}
rPois   +          Reflect  .   (no helmet)
rElec   +          Harm     .   (no cloak)
rCorr   +          Rampage  .   (no gloves)
Will    .....                   (no boots)
Stlth   ..........              (no amulet)
HPRegen 0.08/turn               (no ring)
MPRegen 0.18/turn               (no ring)

@: lethally poisoned (0 -> -2), resistant, studying Crossbows
A: magic regeneration
a: Renounce Religion, Evoke Blink, Depart the Abyss


You were on level 1 of the Dungeon.
You worshipped Lugonu.
Lugonu was aware of your devotion.
You visited 1 branch of the dungeon, and saw 2 of its levels.
You visited the Abyss 1 time.

You collected 124 gold pieces.

Inventory:

Hand Weapons
 h - the +4 long sword of Distant Worlds (weapon) {vorpal, +Blink rCorr}
   (You found it on level 4 of the Abyss)

   It inflicts extra damage upon your enemies.
   +Blink:    It lets you blink.
   rCorr:     It protects you from acid and corrosion.
Armour
 b - a +0 leather armour
 c - the +2 chain mail of Defiance (worn) {Int+8}
   (You found it on level 3 of the Abyss)

   Int:       It affects your intelligence (+8).
 d - the +4 ring mail of Hide-and-Seek {Harm}
   (You found it on level 3 of the Abyss)

   Harm:      It increases damage dealt and taken.
Magical Staves
 e - a staff of air
Scrolls
 f - a scroll of fog {unknown}
 i - a scroll of magic mapping {unknown}
 j - a scroll of identify {unknown}
Potions
 a - a potion of attraction {unknown}


   Skills:
 + Level 3.2 Fighting
 + Level 2.0 Long Blades
 - Level 1.7 Armour
 + Level 1.3 Dodging
 * Level 3.3 Invocations


You had one spell level left.
You didn't know any spells.
Your spell library was empty.

Dungeon Overview and Level Annotations

Branches:
Dungeon (2/15)

Altars:


Innate Abilities, Weirdness & Mutations

You regenerate magic rapidly.


Message History

You open the door.
There is an open door here.
You open the door.
There is an open door here.
There is a stone staircase leading down here.
You climb downwards.
The endoplasm quivers.
The adder hisses angrily.
The kobold shouts!
Found a scroll labelled ASUNIP MATU and 26 gold pieces.
There is a stone staircase leading up here.
There are monsters nearby!
The adder bites you but does no damage. The endoplasm freezes you.
You are frozen.
You barely miss the adder. The adder bites you.
You are poisoned.
The adder poisons you! The endoplasm freezes you.
You are frozen.
The adder bites you but does no damage.
You hit the adder.
The adder is severely wounded.
You feel very sick. The adder bites you but does no damage.
The endoplasm freezes you.
You are frozen.
You are too injured to fight recklessly!
You feel sick. The adder barely misses you.
There is a stone staircase leading up here.
You feel sick. The endoplasm freezes you.
You are frozen.
* * * LOW HITPOINT WARNING * * *
The adder closely misses you.
You climb upwards.
* * * LOW HITPOINT WARNING * * *
You feel sick.
There is a stone staircase leading down here.
It was a potion of resistance.
You feel protected.
You die...

########## #.........
#......... ######.........
##########.....####.....
#.....J@......รท+........
#.#####S##.....####.....
#.# #.##.....# #..... #.#
#.##.....# #...).
#.#####.######## ######
####.).....#...#
#.......##.#.#.#
#.#####.##.#.#.############
#.#...#....................


You could see an adder and an endoplasm.

Vanquished Creatures
  A dart slug (D:1)
  3 endoplasms (D:1)
  2 goblins (D:1)
  3 hobgoblins (D:1)
  A quokka (D:1)
  2 ball pythons (D:1)
  A bat (D:1)
  2 frilled lizards (D:1)
  4 kobolds (D:1)
  A rat (D:1)
20 creatures vanquished.

Notes
Turn   | Place    | Note
-------+----------+-------------------------------------------
     0 | Abyss:1  | meatgazer the Demonspawn Abyssal Knight began the quest for
                  | the Orb.
     0 | Abyss:1  | Reached XP level 1. HP: 18/18 MP: 2/2
    80 | Abyss:3  | Found a corrupted altar of Lugonu.
    96 | Abyss:3  | Noticed a neqoxec
    99 | Abyss:3  | Identified the +2 chain mail of Defiance {Int+8}
   105 | Abyss:3  | Identified the +4 ring mail of Hide-and-Seek {Harm}
   141 | Abyss:4  | Identified the +4 long sword of Distant Worlds {vorpal,
                  | +Blink rCorr}
   151 | Abyss:4  | Found a basalt altar of Yredelemnul.
   162 | Abyss:4  | Noticed a neqoxec
   163 | D:1      | Escaped the Abyss
   377 | D:1      | Reached skill level 1 in Dodging
   898 | D:1      | Gained mutation: You regenerate magic rapidly. [demonic
                  | ancestry]
   898 | D:1      | Reached XP level 2. HP: 12/24 MP: 4/4
  1335 | D:1      | Reached * piety under Lugonu
  1883 | D:1      | HP: 1/24 [poisoned by an adder]
  1884 | D:1      | Succumbed to an adder's poison

Illustrated notes

Levels and vault maps discovered:
D:1:      lightli_arrival_maybe_door_vault, layout_basic, chequers_mini_garden,
          minmay_fountain_box
D:2:      kb_forest_paths, layout_loops_corners, minivault_23,
          grunt_ministairs_13

Skill      XL: |  1  2 |
---------------+-------+-----
Dodging        | 1 |  1.3
Invocations    | 3 |  3.3
Long Blades    | 2 |  2.0
Fighting       | |  3.2
Armour         | |  1.7

Action                   || total
-------------------------++-------
Melee: Long sword        ||    46
Invok: Depart the Abyss  ||     1
  Use: Potion            ||     1
Armor: Ring mail         ||    10
       Chain mail        ||    21
Dodge: Dodged            ||    22

Table legend: (Time is in decaauts)
 A = Elapsed time spent in this place.
 B = Non-inter-level travel time spent in this place.
 C = Inter-level travel time spent in this place.
 D = Time resting spent in this place.
 E = Time spent auto-exploring this place.
 F = Levels seen in this place.
 G = Mean time per level.
                   A        B        C        D        E       F      G
               +--------+--------+--------+--------+--------+-----+--------+
         Total |   1896 |   1863 |     33 |    848 |    804 |   6 |  316.0 |
       Dungeon |   1734 |   1701 |     33 |    848 |    705 |   2 |  867.0 |
         Abyss |    162 |    162 |      0 |      0 |     99 |   4 |   40.5 |
               +--------+--------+--------+--------+--------+-----+--------+

Top non-repeatable levels by time:
     D:1: 1728 daAuts
 Abyss:3: 56 daAuts
 Abyss:2: 39 daAuts
 Abyss:1: 37 daAuts
 Abyss:4: 28 daAuts
     D:2: 6 daAuts
